 Dungeon Crawl Stone Soup version 0.20.1-1-g8b1a95d (webtiles) character file.

266 digijack the Chiller (level 6, 0/45 HPs)
             Began as a Demonspawn Ice Elementalist on Dec 15, 2017.
             Succumbed to an adder's poison
             ... on level 3 of the Dungeon on Dec 16, 2017.
             The game lasted 00:25:57 (4069 turns).

digijack the Chiller (Demonspawn Ice Elementalist)  Turns: 4069, Time: 00:25:58

Health: 0/45       AC: -6    Str: 11      XL:     6   Next: 0%
Magic:  0/10       EV: 14    Int: 17      God:    Xom [..*...]
Gold:   159        SH:  0    Dex: 21 (22) Spells: 8/11 levels left

rFire    . . .     SeeInvis .   o - +2 quarterstaff (chaos)
rCold    + . .     Gourm    .   (shield currently unavailable)
rNeg     . . .     Faith    .   l - +0 robe {rC+}
rPois    .         Spirit   .   (helmet restricted)
rElec    +         Reflect  .   p - +0 cloak
rCorr    .         Harm     .   r - +0 pair of gloves
MR       .....                  (no boots)
Stlth    +++.......             (no amulet)
Regen    0.2/turn               k - +2 ring of dexterity
MPRegen  0.2/turn               q - +6 ring of dexterity

@: lethally poisoned (0 -> -4), corroded, sanguine armour, very slightly
contaminated
A: horns 1, blink, electricity resistance, strong 1, sanguine armour 1
a: Blink, Renounce Religion


You were on level 3 of the Dungeon.
You worshipped Xom.
You were a toy of Xom.
You were not hungry.

You visited 1 branch of the dungeon, and saw 3 of its levels.

You collected 159 gold pieces.

Inventory:

Hand Weapons
 o - a +2 quarterstaff of chaos (weapon)
Armour
 l - a +0 robe of cold resistance (worn)
 p - a +0 cloak (worn)
 r - a +0 pair of gloves (worn)
Jewellery
 k - a +2 ring of dexterity (left hand)
 q - a +6 ring of dexterity (right hand)
Scrolls
 d - 3 scrolls of identify
 f - a scroll of recharging
 j - a scroll of amnesia
Potions
 a - a potion of magic
 c - a potion of curing
Books
 b - a book of Frost

   Spells                             Type                      Level
   a - Freeze                         Ice                          1
   b - Throw Frost                    Conjuration/Ice              2
   c - Ozocubu's Armour               Charms/Ice                   3
   d - Throw Icicle                   Conjuration/Ice              4
   e - Summon Ice Beast               Ice/Summoning                4
Comestibles
 g - 2 chunks of flesh
 h - a royal jelly
 m - a bread ration
 n - 2 meat rations


   Skills:
 + Level 2.3 Fighting
 + Level 3.0 Dodging
 + Level 3.4 Stealth
 - Level 0.1 Unarmed Combat
 + Level 3.0 Spellcasting
 - Level 1.0 Conjurations
 + Level 3.4 Ice Magic


You had 8 spell levels left.
You knew the following spells:

 Your Spells              Type           Power        Failure   Level  Hunger
a - Freeze                Ice            ##..         4%          1    None
b - Throw Frost           Conj/Ice       ##....       11%         2    ##.....


Dungeon Overview and Level Annotations

Branches:
Dungeon (3/15)

Altars:
Xom

Annotations:
D:3 Grinder


Innate Abilities, Weirdness & Mutations

You have a pair of small horns on your head.
When seriously injured, your bleeding wounds create armour. (AC +6)
You can translocate small distances at will.
You are resistant to electric shocks. (rElec)
Your muscles are strong. (Str +2)


Message History

Casting: Freeze
Confirm with . or Enter, or press ? or * to list all spells.
Aiming: Freeze
Press: ? - help, Shift-Dir - straight line, f - adder, p - Grinder
Aim: an adder You freeze the adder.
The adder seems to slow down.
The adder is heavily wounded.
The adder bites you.
* * * LOW HITPOINT WARNING * * *
You are lethally poisoned!
The adder poisons you!
You hit the adder but do no damage.
Space warps horribly around the adder!
You kill the adder!
You have reached level 6!
Your experience leads to an increase in your attributes!
Your base attributes are Str 8, Int 17, Dex 14.
Increase (S)trength, (I)ntelligence, or (D)exterity?
You feel stronger.
You die...
Xom chortles!

#....###.............##.#
####
##.##.#.#.....#########.#
#####.###....#########.#
#.# ##.#...........# #.#
#.############# #.# #.#
#.# ##.## ###*##### #.#
#..{#########..,,...# #.#
#...4@†.......#####.## #.#
#...#########.##......
#.###############.##.##.##
#.....^..............##.#*
#################.#####..,
### ####


You could see Grinder the red devil.

Vanquished Creatures
  A hound (D:3)
  Crazy Yiuf (D:2)
  Natasha (thrice) (D:2)
  5 adders
  An ooze (D:3)
  2 dart slugs
  A leopard gecko (D:1)
  3 giant cockroaches (D:1)
  8 hobgoblins
  9 jackals
  A quokka (D:2)
  10 bats
  4 frilled lizards
  9 goblins
  12 kobolds
  12 rats
  2 fungi
84 creatures vanquished.

Notes
Turn   | Place    | Note
-------+----------+-------------------------------------------
     0 | D:1      | digijack the Demonspawn Ice Elementalist began the quest for the Orb.
     0 | D:1      | Reached XP level 1. HP: 13/13 MP: 3/3
   333 | D:1      | Gained mutation: When seriously injured, your bleeding wounds create armour. (AC +6) [demonic ancestry]
   333 | D:1      | Reached XP level 2. HP: 18/19 MP: 0/5
   448 | D:1      | Learned a level 2 spell: Throw Frost
  1193 | D:1      | Gained mutation: You have a pair of small horns on your head. [demonic ancestry]
  1193 | D:1      | Reached XP level 3. HP: 24/24 MP: 2/6
  1600 | D:2      | Gained mutation: You can translocate small distances at will. [potion of mutation]
  1600 | D:2      | Gained mutation: Your muscles are strong. (Str +2) [potion of mutation]
  1600 | D:2      | Gained mutation: You are resistant to electric shocks. (rElec) [potion of mutation]
  1617 | D:2      | Noticed Natasha
  1624 | D:2      | Killed Natasha
  1624 | D:2      | Reached skill level 1 in Fighting
  1815 | D:2      | Noticed Natasha
  1831 | D:2      | Reached XP level 4. HP: 21/32 MP: 0/7
  1845 | D:2      | Killed Natasha
  2223 | D:2      | Noticed Natasha
  2238 | D:2      | Killed Natasha
  2356 | D:2      | Reached XP level 5. HP: 35/37 MP: 2/9
  3053 | D:2      | Found a runed door.
  3057 | D:2      | Noticed Crazy Yiuf
  3067 | D:2      | Killed Crazy Yiuf
  3327 | D:3      | Found a faded altar of an unknown god.
  3443 | D:3      | Became a worshipper of Xom of Chaos
  3524 | D:3      | XOM: harmless Chrm miscast
  3572 | D:3      | XOM: silly message
  3677 | D:3      | XOM: stat loss: -1 Dex (21/22)
  3866 | D:3      | XOM: medium Air miscast
  3880 | D:3      | Noticed Grinder
  3894 | D:3      | XOM is BORED!
  3894 | D:3      | XOM: swap monsters
  3897 | D:3      | XOM: divination: detect creatures
  3899 | D:3      | XOM: divination: magic mapping
  4016 | D:3      | Noticed Grinder
  4016 | D:3      | Grinder changed into Grinder the rust devil
  4016 | D:3      | XOM: polymorph Grinder -> Grinder the rust devil
  4026 | D:3      | XOM: fog
  4031 | D:3      | XOM: summons friendly crimson imp
  4054 | D:3      | Noticed Grinder
  4054 | D:3      | Grinder the rust devil changed into Grinder the red devil
  4054 | D:3      | XOM: polymorph Grinder the rust devil -> Grinder the red devil
  4068 | D:3      | HP: 1/38 [adder (5)]
  4069 | D:3      | Reached XP level 6. HP: 1/45 MP: 0/10
  4069 | D:3      | Succumbed to an adder's poison

Skill      XL: |  1  2  3  4  5 |
---------------+----------------+-----
Stealth        | 2 3 |  3.4
Dodging        | 2 3 |  3.0
Ice Magic      | 3 |  3.4
Fighting       | 1 2 |  2.3
Spellcasting   | 3 |  3.0
Unarmed Combat | |  0.1
Conjurations   | |  1.0

Action                   |  1- 3 |  4- 6 || total
-------------------------+-------+-------++-------
Melee: Unarmed           |    66 |       ||    66
       Dagger            |     8 |    38 ||    46
       Headbutt          |     4 |    11 ||    15
       Quarterstaff      |       |     5 ||     5
 Cast: Freeze            |    47 |    84 ||   131
       Throw Frost       |    17 |     6 ||    23
  Use: Potion            |     5 |     2 ||     7
       Scroll            |     4 |     5 ||     9
 Stab: Distracted        |       |     1 ||     1
  Eat: Chunk             |     1 |     2 ||     3
       Bread ration      |     1 |       ||     1
       Meat ration       |       |     1 ||     1
Armor: Robe              |    21 |    20 ||    41
Dodge: Dodged            |    44 |    60 ||   104
